 Dungeon Crawl Stone Soup version 0.23.2-11-gf996548c65 (webtiles) character file.

Game seed: 16890350537570250188

550 Nattfarinn the Skirmisher (level 7, -5/76 HPs)
             Began as an Ogre Berserker on June 2, 2019.
             Was a Believer of Trog.
             Slain by a centaur (6 damage)
             ... on level 5 of the Dungeon.
             The game lasted 00:06:02 (4281 turns).

Nattfarinn the Skirmisher (Ogre Berserker)          Turns: 4281, Time: 00:06:02

Health: -5/76      AC:  4    Str: 22    XL:     7   Next: 29%
Magic:  16/16      EV: 10    Int:  8    God:    Trog [**....]
Gold:   180        SH:  0    Dex: 10    Spells: 6/6 levels left

rFire    . . .     SeeInvis +   a - +0 mace
rCold    . . .     Gourm    .   (no shield)
rNeg     . . .     Faith    .   b - +0 animal skin
rPois    .         Spirit   .   (helmet restricted)
rElec    .         Reflect  .   f - +0 cloak
rCorr    .         Harm     .   (gloves unavailable)
MR       .....                  (boots unavailable)
Stlth    +.........             (no amulet)
HPRegen  0.22/turn              q - ring of see invisible
MPRegen  0.15/turn              s - ring of magical power

@: no status effects
A: large, unfitting armour, tough skin 1
a: Berserk, Trog's Hand, Renounce Religion


You were on level 5 of the Dungeon.
You worshipped Trog.
Trog was pleased with you.
You were not hungry.

You visited 1 branch of the dungeon, and saw 5 of its levels.

You collected 180 gold pieces.

Inventory:

Hand Weapons
 a - a +0 mace (weapon)
Armour
 b - a +0 animal skin (worn)
 f - a +0 cloak (worn)
Jewellery
 q - a ring of see invisible (left hand)
 s - a ring of magical power (right hand)
 u - an uncursed ring of fire {unknown}
Scrolls
 d - 3 scrolls of teleportation
 e - 5 scrolls of identify
 g - 2 scrolls of fog
 i - a scroll of remove curse
 m - a scroll of enchant weapon {unknown}
 r - 3 scrolls of enchant armour {unknown}
 t - a scroll of random uselessness {unknown}
Potions
 h - 2 potions of curing {unknown}
 j - 2 potions of heal wounds {unknown}
 k - a potion of degeneration {unknown}
 l - a potion of haste {unknown}
 n - a potion of lignification {unknown}
 o - a potion of agility {unknown}
 p - a potion of mutation {unknown}
 v - a potion of flight {unknown}
Comestibles
 c - 12 rations
 w - a chunk of flesh


   Skills:
 + Level 6.9 Fighting
 * Level 6.2 Maces & Flails
 - Level 2.6 Dodging


You had 6 spell levels left.
You didn't know any spells.
Your spell library was empty.

Dungeon Overview and Level Annotations

Branches:
Dungeon (5/15)
 Temple: D:4-7

Altars:
Elyvilon

Annotations:
D:4 1 runed translucent door


Innate Abilities, Weirdness & Mutations

You are too large for most types of armour.
You have tough skin. (AC +1)


Message History

The centaur unwields a +0 shortbow.
The centaur hits you!
* * * LOW HITPOINT WARNING * * *
Found a robe.
You are too injured to fight recklessly!
You are too injured to fight recklessly!
You are too injured to fight recklessly!
You are too injured to fight recklessly!
You barely miss the centaur. The centaur hits you.
* * * LOW HITPOINT WARNING * * *
You hit the centaur.
The centaur is lightly wounded.
The centaur hits you but does no damage.
The centaur hits you.
* * * LOW HITPOINT WARNING * * *
You hit the centaur but do no damage.
The centaur is lightly wounded.
The centaur hits you!
* * * LOW HITPOINT WARNING * * *
The centaur hits you.
You die...

#.# #.#.. #.# #...##
#.. ..... #.# #...#
#.# #...# #.#
#...#####
#.####.c.....#
#####(((.(@.......
###<รท...#.##....##.[
#...............$...
########........##.#
#...#...... .
#...#.......
#...#.?...#..
#...........# .#.


You could see a centaur.

Vanquished Creatures
  Sigmund (D:3)
  An ogre (D:4)
  A howler monkey (D:4)
  Terence (D:2)
  4 worker ants (D:4)
  6 adders
  5 worms
  3 dart slugs
  5 leopard geckos
  5 orcs (D:3)
  A giant cockroach (D:5)
  10 goblins
  A hobgoblin (D:1)
  7 jackals
  A quokka (D:4)
  10 bats
  5 frilled lizards
  6 kobolds
  7 rats
80 creatures vanquished.

Notes
Turn   | Place    | Note
-------+----------+-------------------------------------------
     0 | D:1      | Nattfarinn the Ogre Berserker began the quest for the Orb.
     0 | D:1      | Reached XP level 1. HP: 24/24 MP: 1/1
   198 | D:1      | Reached XP level 2. HP: 28/32 MP: 2/2
   621 | D:2      | Noticed Terence
   633 | D:2      | Killed Terence
   633 | D:2      | Reached XP level 3. HP: 25/40 MP: 3/3
   973 | D:2      | Reached XP level 4. HP: 45/49 MP: 4/4
   993 | D:2      | Reached skill level 5 in Fighting
  1902 | D:3      | Reached XP level 5. HP: 49/57 MP: 5/5
  1995 | D:3      | Reached ** piety under Trog
  2582 | D:3      | Found a faded altar of an unknown god.
  2596 | D:3      | Noticed Sigmund
  2613 | D:3      | Killed Sigmund
  2613 | D:3      | Reached skill level 5 in Maces & Flails
  2613 | D:3      | Reached XP level 6. HP: 45/67 MP: 6/6
  3482 | D:4      | Reached XP level 7. HP: 17/76 MP: 7/7
  3868 | D:4      | Found a white marble altar of Elyvilon.
  3868 | D:4      | Found a runed translucent door.
  3868 | D:4      | Noticed an angel
  4264 | D:5      | Entered Level 5 of the Dungeon
  4281 | D:5      | HP: 1/76 [centaur (8)]
  4281 | D:5      | Slain by a centaur

Skill      XL: |  1  2  3  4  5  6  7 |
---------------+----------------------+-----
Maces & Flails | 3 4 5 6 |  6.2
Fighting       | 5 6 |  6.9
Dodging        | |  2.6

Action                   |  1- 3 |  4- 6 |  7- 9 || total
-------------------------+-------+-------+-------++-------
Melee: Mace              |    81 |   229 |    24 ||   334
Invok: Berserk           |     1 |     3 |       ||     4
       Trog's Hand       |       |     3 |       ||     3
  Use: Scroll            |       |     5 |       ||     5
 Stab: Sleeping          |       |       |     1 ||     1
  Eat: Chunk             |     1 |    10 |     1 ||    12
       Ration            |       |       |     1 ||     1
Armor: Animal skin       |    21 |    85 |     6 ||   112
Dodge: Dodged            |    54 |   160 |    10 ||   224
